 Dungeon Crawl Stone Soup version 0.25-a0-251-g572059c536 (webtiles) character file.

Game seed: 14778595781553613710, levelgen mode: classic

107 Borgoz the Chopper (level 4, 0/27 HPs)
             Began as a Gargoyle Gladiator on Dec 5, 2019.
             Splashed by Ijyb's acid (15 damage)
             ... on level 3 of the Dungeon.
             The game lasted 00:05:37 (2514 turns).

Borgoz the Chopper (Gargoyle Gladiator)             Turns: 2514, Time: 00:05:38

Health: 0/27       AC: 10    Str: 19    XL:     4   Next: 86%
Magic:  4/4        EV: 12    Int:  8    God:
Gold:   81         SH:  0    Dex: 11    Spells: 3/3 levels left

rFire    + . .     SeeInvis .   a - +0 war axe
rCold    . . .     Gourm    .   (no shield)
rNeg     + . .     Faith    .   i - +0 ring mail
rPois    ∞         Spirit   .   c - +0 helmet
rElec    +         Reflect  .   (no cloak)
rCorr    .         Harm     .   (no gloves)
MR       .....                  (no boots)
Stlth    +.........             (no amulet)
HPRegen  0.09/turn              o - ring of protection from fire
MPRegen  0.09/turn              (no ring)

@: no status effects
A: negative energy resistance 1, electricity resistance, unbreathing,
petrification resistance, rot immunity, AC +3
a: no special abilities


You were on level 3 of the Dungeon.
You were not hungry.

You visited 1 branch of the dungeon, and saw 3 of its levels.

You collected 81 gold pieces.

Inventory:

Hand Weapons
 a - a +0 war axe (weapon)
Missiles
 d - 3 throwing nets (quivered)
Armour
 c - a +0 helmet (worn)
 i - a +0 ring mail (worn)
Jewellery
 o - a ring of protection from fire (left hand)
Scrolls
 j - 3 scrolls of teleportation
Potions
 b - 2 potions of might {unknown}
 e - a potion of haste
 g - a potion of invisibility {unknown}
 h - 2 potions of curing
 k - a potion of heal wounds {unknown}
 l - a potion of mutation
 n - a potion of ambrosia
Comestibles
 f - 7 rations
 m - 8 chunks of flesh


   Skills:
 + Level 2.9 Fighting
 * Level 3.5 Axes
 - Level 1.7 Throwing
 + Level 1.5 Armour
 * Level 3.3 Dodging


You had 3 spell levels left.
You didn't know any spells.
Your spell library was empty.

Dungeon Overview and Level Annotations

Branches:
Dungeon (3/15)

Altars:
Sif Muna
The Shining One

Annotations:
D:3 Ijyb


Innate Abilities, Weirdness & Mutations

You are resistant to torment.
Your stone body is resilient. (AC +3)
You are immune to poison.
You resist negative energy. (rN+)
You are resistant to electric shocks. (rElec)
You can survive without breathing.
You are immune to petrification.
You are immune to rotting.


Message History

You hit the bat but do no damage. You hit the plant but do no damage.
The bat hits you but does no damage. The bat closely misses you.
The bat misses you.
You closely miss the bat. The bat closely misses you.
The bat barely misses you. The bat hits you but does no damage.
The bat closely misses you.
You slash the bat!
You kill the bat!
No target in view!
No target in view!
No target in view!
Found 8 arrows.
No target in view!
No target in view!
Found 8 poisoned darts.
Ijyb the Twisted Goblin comes into view.
She is wielding a +0 club and carrying a wand of acid (3).
Ijyb is nearby!
Ijyb zaps a wand.
The bolt of acid hits you!
You are splashed with acid!
Ouch! That really hurt!
You die...

########
#.##########
#.......
#........#.##
#.#####. #
#(.###.#....###.#
#. ...
#.#(....##.# ###.
#..###..........#
#...
#....@##.#.######
#.#. #..#####.#.#
#.#. ..g ..#.#
#.#. # ####+#
#.#. #.## #...
##.# ##... ......


You could see Ijyb.

Vanquished Creatures
  4 adders (D:2)
  An ooze (D:1)
  2 worms (D:2)
  A dart slug (D:1)
  5 leopard geckos
  2 giant cockroaches
  4 goblins
  7 hobgoblins
  4 jackals (D:3)
  2 quokkas
  5 bats
  3 frilled lizards (D:1)
  9 kobolds
  4 rats
53 creatures vanquished.

Notes
Turn   | Place    | Note
-------+----------+-------------------------------------------
     0 | D:1      | Borgoz the Gargoyle Gladiator began the quest for the Orb.
     0 | D:1      | Reached XP level 1. HP: 12/12 MP: 1/1
   385 | D:1      | Reached XP level 2. HP: 17/18 MP: 2/2
   703 | D:2      | Reached XP level 3. HP: 22/22 MP: 3/3
   715 | D:2      | Found a faded altar of an unknown god.
   729 | D:2      | Reached skill level 1 in Armour
  1059 | D:2      | Reached XP level 4. HP: 21/27 MP: 4/4
  1087 | D:2      | Found a shimmering blue altar of Sif Muna.
  1841 | D:2      | Found a glowing golden altar of the Shining One.
  2513 | D:3      | Noticed Ijyb
  2514 | D:3      | Splashed by Ijyb's acid

Levels and vault maps discovered:
D:1:      matt_arrival_refuge, layout_loops_corners
D:2:      layout_loops_ring, lemuel_coloured_pillars_altar, lemuel_round_altar,
          chequers_ecumenical_altar_simple_redux, first_ration
D:3:      corexii_shack_village, layout_loops_corners, uniq_terence, uniq_ijyb

Skill      XL: |  1  2  3 |
---------------+----------+-----
Axes           | 3 |  3.5
Armour         | 1 |  1.5
Dodging        | 3 |  3.3
Fighting       | |  2.9
Throwing       | |  1.7

Action                   |  1- 3 |  4- 6 || total
-------------------------+-------+-------++-------
Melee: War axe           |    95 |    91 ||   186
  Use: Scroll            |     3 |     5 ||     8
  Eat: Chunk             |     1 |     4 ||     5
Armor: Leather armour    |     8 |       ||     8
       Ring mail         |    41 |    62 ||   103
Dodge: Dodged            |    58 |    89 ||   147

Table legend:
 A = Non-vault XP
 B = Vault XP
 C = Vault XP percentage of total XP
 D = Non-vault monster count
 E = Vault monster count
 F = Vault count percentage of total count
                 A         B        C        D         E       F
            +---------+---------+-------+---------+---------+-------
      Total |     149 |       5 |   3.2 |      50 |       3 |   5.7
            +---------+---------+-------+---------+---------+-------
        D:1 |      51 |       0 |   0.0 |      24 |       0 |   0.0
        D:2 |      83 |       0 |   0.0 |      17 |       0 |   0.0
        D:3 |      15 |       5 |  25.0 |       9 |       3 |  25.0
            +---------+---------+-------+---------+---------+-------
